 Dungeon Crawl Stone Soup version 0.28-a0-1190-g77e1c55843 (webtiles) character file.

Game seed: 3398434460092044180

22 SensoryNuts the Skirmisher (level 2, 0/24 HPs)
             Began as a Demonspawn Fighter on Dec 19, 2021.
             Succumbed to a kobold's poison
             ... on level 1 of the Dungeon.
             The game lasted 00:00:27 (638 turns).

SensoryNuts the Skirmisher (Demonspawn Fighter)      Turns: 638, Time: 00:00:28

Health: 0/24       AC:  6    Str: 16    XL:     2   Next: 68%
Magic:  2/2        EV:  9    Int:  9    God:
Gold:   31         SH:  4    Dex: 12    Spells: 1/1 levels left

rFire   . . .      SeeInvis .   a - +0 long sword
rCold   . . .      Faith    .   c - +0 buckler
rNeg    . . .      Spirit   .   b - +0 scale mail
rPois   .          Reflect  .   (no helmet)
rElec   .          Harm     .   (no cloak)
rCorr   .          Rampage  .   (no gloves)
Will    .....                   (no boots)
Stlth   ..........              (no amulet)
HPRegen 0.08/turn               (no ring)
MPRegen 0.08/turn               (no ring)

@: lethally poisoned (0 -> -4)
A: claws 1
a: no special abilities


You were on level 1 of the Dungeon.
You visited 1 branch of the dungeon, and saw 1 of its levels.

You collected 31 gold pieces.

Inventory:

Hand Weapons
 a - a +0 long sword (weapon)
Armour
 b - a +0 scale mail (worn)
 c - a +0 buckler (worn)
Jewellery
 f - a +4 ring of slaying
Potions
 d - a potion of might
 e - a potion of curing {unknown}


   Skills:
 + Level 3.3 Fighting
 + Level 2.0 Long Blades
 + Level 3.0 Armour
 + Level 2.9 Shields


You had one spell level left.
You didn't know any spells.
Your spell library was empty.

Dungeon Overview and Level Annotations

Branches:
Dungeon (1/15)

Altars:


Innate Abilities, Weirdness & Mutations

You have sharp fingernails.


Message History

The endoplasm freezes you.
You are frozen.
The endoplasm closely misses you. The kobold hits you but does no damage.
You barely miss the kobold.
The endoplasm hits you but does no damage.
The kobold hits you but does no damage.
You are poisoned.
You closely miss the kobold.
You feel very sick. The endoplasm freezes you.
You are frozen.
The kobold barely misses you.
You are too injured to fight recklessly!
You are too injured to fight recklessly!
You are too injured to fight recklessly!
You are too injured to fight recklessly!
You are too injured to fight recklessly!
You are too injured to fight recklessly!
You are too injured to fight recklessly!
There are monsters nearby!
There are monsters nearby!
There are monsters nearby!
You are too injured to fight recklessly!
You are too injured to fight recklessly!
You are too injured to fight recklessly!
You are too injured to fight recklessly!
You hit the kobold.
You kill the kobold!
* * * LOW HITPOINT WARNING * * *
You feel very sick.
The endoplasm hits you but does no damage.
The endoplasm freezes you.
You are frozen.
* * * LOW HITPOINT WARNING * * *
You hit the endoplasm.
The endoplasm is moderately wounded.
* * * LOW HITPOINT WARNING * * *
You feel sick. You block the endoplasm's attack.
You slash the endoplasm!
You kill the endoplasm!
You die...

##.#.#.#.#.#.#.#.##.........
#..........)......##########
##.#.#.#.#>#.#.#.##
#####.###.####### #.....#
#####.# ###### #.##.....#
#.#....... #.@)......
#.....(... #.......(.
.......... #.#...|.... ####
#.#........ ##...
#.#........ ##....
#.#.(...... ##..... ##......


There were no monsters in sight!

Vanquished Creatures
  A dart slug (D:1)
  2 ball pythons (D:1)
  A bat (D:1)
  5 endoplasms (D:1)
  A hobgoblin (D:1)
  3 quokkas (D:1)
  A frilled lizard (D:1)
  3 kobolds (D:1)
  2 rats (D:1)
19 creatures vanquished.

Notes
Turn   | Place    | Note
-------+----------+-------------------------------------------
     0 | D:1      | SensoryNuts the Demonspawn Fighter began the quest for the
                  | Orb.
     0 | D:1      | Reached XP level 1. HP: 18/18 MP: 1/1
   117 | D:1      | Gained mutation: You have sharp fingernails. [demonic
                  | ancestry]
   117 | D:1      | Reached XP level 2. HP: 13/24 MP: 2/2
   266 | D:1      | Found a faded altar of an unknown god.
   638 | D:1      | Succumbed to a kobold's poison

Illustrated notes

Levels and vault maps discovered:
D:1:      grunt_arrival_lava_bath, layout_rooms,
          hellmonk_ecumenical_altar_leap_of_faith, st_stairs_12

Skill      XL: |  1  2 |
---------------+-------+-----
Armour         | 3 |  3.0
Long Blades    | 2 |  2.0
Fighting       | |  3.3
Shields        | |  2.9

Action                   || total
-------------------------++-------
Melee: Long sword        ||    60
Armor: Scale mail        ||    28
Dodge: Dodged            ||    29
Block: Buckler           ||    15

Table legend: (Time is in decaauts)
 A = Elapsed time spent in this place.
 B = Non-inter-level travel time spent in this place.
 C = Inter-level travel time spent in this place.
 D = Time resting spent in this place.
 E = Time spent auto-exploring this place.
 F = Levels seen in this place.
 G = Mean time per level.
                   A        B        C        D        E       F      G
               +--------+--------+--------+--------+--------+-----+--------+
         Total |    658 |    658 |      0 |      0 |    526 |   1 |  658.0 |
       Dungeon |    658 |    658 |      0 |      0 |    526 |   1 |  658.0 |
               +--------+--------+--------+--------+--------+-----+--------+

Top non-repeatable levels by time:
     D:1: 658 daAuts
